 Dungeon Sprint DCSS version 0.24.0-41-g2ae2f7f1be (webtiles) character file.

Game seed: 324536618583840408, levelgen mode: deterministic

57 McKennaii the Skirmisher (level 3, -5/31 HPs)
             Began as a Demonspawn Fighter on Dec 10, 2019.
             Killed by divine providence
             ... invoked by an oklob sapling priest
              (13 damage)
             ... in the Dungeon (Sprint IV: "Fedhas' Mad Dash").
             The game lasted 00:00:39 (429 turns).

McKennaii the Skirmisher (Demonspawn Fighter)        Turns: 429, Time: 00:00:40

Health: -5/31      AC:  7    Str: 17    XL:     3   Next: 73%
Magic:  3/3        EV:  7    Int:  9    God:
Gold:   38         SH:  9    Dex: 12    Spells: 2/2 levels left

rFire    . . .     SeeInvis .   a - +0 long sword
rCold    . . .     Gourm    .   c - +0 shield
rNeg     . . .     Faith    .   b - +0 scale mail
rPois    .         Spirit   .   (helmet restricted)
rElec    .         Reflect  .   (no cloak)
rCorr    .         Harm     .   (no gloves)
MR       .....     NoTele   +   (no boots)
Stlth    ..........             l - amulet of invisibility {+Inv}
HPRegen  0.10/turn              (no ring)
MPRegen  0.08/turn              (no ring)

@: no status effects
A: antennae 1
a: Evoke Invisibility


You were in the Dungeon.
You were not hungry.

You visited 1 branch You collected 38 gold pieces.

Inventory:

Hand Weapons
 a - a +0 long sword (weapon)
Armour
 b - a +0 scale mail (worn)
 c - a +0 shield (worn)
Jewellery
 l - the amulet of invisibility (around neck) {+Inv}
   (You found it in the Dungeon)

   [amulet of nothing]

   It lets you turn invisible.
Scrolls
 e - a scroll of remove curse {unknown}
 k - a scroll of blinking
Potions
 d - a potion of might
 g - a potion of heal wounds
 h - a potion of haste
 i - 2 potions of magic
 j - a potion of berserk rage
Comestibles
 f - a ration


   Skills:
 + Level 4.6 Fighting
 * Level 3.5 Long Blades
 + Level 4.4 Armour
 + Level 0.5 Dodging
 + Level 4.2 Shields


You had 2 spell levels left.
You didn't know any spells.
Your spell library was empty.

Dungeon Overview and Level Annotations

Branches:
Dungeon (1/1)

Altars:
Cheibriados
Dithmenos
Elyvilon
Gozag
Hepliaklqana
Kikubaaqudgha
Makhleb
Nemelex Xobeh
Okawaru
Qazlal
Ru
Sif Muna
Trog
Uskayaw
Vehumet
Wu Jian
Xom
Yredelemnul
Zin
The Shining One
Beogh
Jiyva
Lugonu

Annotations:
D exclusion: oklob sapling


Innate Abilities, Weirdness & Mutations

You have a pair of small antennae on your head.


Message History

Found ten altars.
An oklob sapling priest comes into view.
Marking area around an oklob sapling as unsafe for travelling.
Found three altars.
There is an open door here.
Found three altars.
Found two altars.
The oklob sapling priest spits acid at you.
The splash of acid hits you!
You are splashed with acid!
* * * LOW HITPOINT WARNING * * *
Found three altars.
There is an opulent altar of Gozag here.
Found a radiant altar of Vehumet and a corrupted altar of Lugonu.
There is a burning altar of Makhleb here.
There is a sparkling altar of Nemelex Xobeh here.
You slash the oklob sapling priest!
The oklob sapling priest is moderately damaged.
The oklob sapling priest mumbles some strange prayers to its god against you.
Something smites you!
You die...

########################
....#.†...#.⌠._._._._.⌠.
)...'.#[..'.._._._._._..
....#.#...#..._.@P_._...
########+##.._._._._._..
#._._._._._.⌠.
##############


You could see an oklob sapling priest.

Vanquished Creatures
  An oklob sapling (D)
  A worker ant (D)
  A river rat (D)
  A rat (D)
4 creatures vanquished.

Notes
Turn   | Place    | Note
-------+----------+-------------------------------------------
     0 | D        | McKennaii the Demonspawn Fighter began the quest for the
                  | Orb.
     0 | D        | Reached XP level 1. HP: 18/18 MP: 1/1
    15 | D        | Gained mutation: You have a pair of small antennae on your
                  | head. [demonic ancestry]
    15 | D        | Reached XP level 2. HP: 8/24 MP: 2/2
    27 | D        | Noticed an oklob sapling
   219 | D        | Killed an oklob sapling
   219 | D        | Reached XP level 3. HP: 30/30 MP: 3/3
   222 | D        | Found the amulet of invisibility {+Inv}
   421 | D        | Found an opulent altar of Gozag.
   421 | D        | Found a hazy altar of Hepliaklqana.
   421 | D        | Found a burning altar of Makhleb.
   421 | D        | Found a roughly hewn altar of Beogh.
   421 | D        | Found a sparkling altar of Nemelex Xobeh.
   421 | D        | Found a snail-covered altar of Cheibriados.
   421 | D        | Found a sacrificial altar of Ru.
   421 | D        | Found a shimmering blue altar of Sif Muna.
   421 | D        | Found a shimmering altar of Xom.
   421 | D        | Found a basalt altar of Yredelemnul.
   422 | D        | Found a viscous altar of Jiyva.
   422 | D        | Found a bloodstained altar of Trog.
   422 | D        | Found an ornate altar of the Wu Jian Council.
   422 | D        | Noticed an oklob sapling priest
   423 | D        | Found an iron altar of Okawaru.
   423 | D        | Found a shadowy altar of Dithmenos.
   423 | D        | Found a glowing silver altar of Zin.
   424 | D        | Found an ancient bone altar of Kikubaaqudgha.
   424 | D        | Found a hide-covered altar of Uskayaw.
   425 | D        | Found a stormy altar of Qazlal.
   425 | D        | Found a white marble altar of Elyvilon.
   425 | D        | Found a glowing golden altar of the Shining One.
   426 | D        | Found a radiant altar of Vehumet.
   426 | D        | Found a corrupted altar of Lugonu.
   429 | D        | Killed from afar by an oklob sapling priest

Levels and vault maps discovered:
D:        dungeon_sprint_fedhas [sprint_temple]

Skill      XL: |  1  2 |
---------------+-------+-----
Long Blades    | 2 3 |  3.5
Armour         | 3 4 |  4.4
Shields        | 3 4 |  4.2
Fighting       | 4 |  4.6
Dodging        | |  0.5

Action                   || total
-------------------------++-------
Melee: Long sword        ||    39
  Use: Potion            ||     1
Armor: Scale mail        ||    15
Dodge: Dodged            ||     9
Block: Shield            ||    18
       Rpst.: Long sword ||     2
